 Dungeon Crawl Stone Soup version 0.31-a0-152-g6aa68a64a1 (webtiles) character file.

Game seed: 6403812159684225606

130 qw the Shooter (level 5, -1/32 HPs)
             Began as a Gargoyle Hunter on June 10, 2023.
             Killed from afar by Sigmund (5 damage)
             ... with a magic dart
             ... on level 2 of the Dungeon.
             The game lasted 00:00:43 (1399 turns).

qw the Shooter (Gargoyle Hunter)                    Turns: 1399, Time: 00:00:43

Health: -1/32      AC:  7    Str: 15    XL:     5   Next: 14%
Magic:  5/5        EV: 11    Int:  9    God:
Gold:   205        SH:  0    Dex: 15    Spells: 4/4 levels left

rFire   . . .        Y - +0 shortbow
rCold   . . .        (shield currently unavailable)
rNeg    + . .        c - +0 leather armour
rPois   inf          (no helmet)
rElec   +            (no cloak)
rCorr   .            (no gloves)
SInv    .            (no boots)
Will    .....        (no amulet)
Stlth   ++           (no ring)
HPRegen 0.25/turn    (no ring)
MPRegen 0.09/turn

%: no passive effects
@: no status effects
A: sickness immunity, AC +4, negative energy resistance 1, electricity
resistance, torment resistance 1, petrification resistance
a: no special abilities


You were on level 2 of the Dungeon.
You visited 1 branch of the dungeon, and saw 2 of its levels.

You collected 205 gold pieces.


Innate Abilities, Weirdness & Mutations

You are immune to sickness and miasma.
Your stone body is resilient. (AC +4)
You are immune to poison.
You resist negative energy. (rN+)
You are resistant to electric shocks. (rElec)
You are resistant to unholy torment.
You are immune to petrification.


   Skills:
 - Level 3.1 Fighting
 + Level 5.9 Ranged Weapons
 - Level 1.5 Dodging
 - Level 1.1 Stealth


You had 4 spell levels left.
You didn't know any spells.
Your spell library was empty.

Inventory:

Hand Weapons
 Y - a +0 shortbow (weapon)
Armour
 c - a +0 leather armour (worn)
 n - a +0 helmet
Jewellery
 b - a ring of protection from fire
Scrolls
 e - 2 scrolls of identify
 h - a scroll of enchant armour
Potions
 a - a potion of ambrosia {unknown}
 d - a potion of invisibility {unknown}
 f - a potion of heal wounds
 g - a potion of degeneration {unknown}
 i - a potion of enlightenment {unknown}
 j - a potion of cancellation {unknown}
 k - a potion of haste {unknown}
 l - a potion of resistance {unknown}
 m - a potion of mutation {unknown}

Dungeon Overview and Level Annotations

Branches:
Dungeon (2/15)

Altars:

Annotations:
D:2 1 runed translucent door, Crazy Yiuf, Sigmund


Message History

Enter note: You shoot an arrow.
The arrow hits Sigmund!
Sigmund shouts!
Sigmund is moderately wounded.
You shoot an arrow.
The arrow hits Sigmund but does no damage.
Sigmund is moderately wounded.
Sigmund gestures wildly while chanting.
Sigmund flickers and vanishes!
Deactivating autopickup; reactivate with Ctrl-A.
You shoot an arrow. Something hits you.
You shoot an arrow. You shoot an arrow. You shoot an arrow.
You hear some strange, mumbled words.
You are confused.
You shoot an arrow. Something hits you.
You shoot an arrow. Something hits you.
You shoot an arrow. Something hits you.
You shoot an arrow. Something hits you.
You shoot an arrow. You shoot an arrow.
You feel less confused. Something hits you but does no damage.
You shoot an arrow. Something hits you!
You shoot an arrow. Something hits you but does no damage.
You shoot an arrow. You shoot an arrow. Something hits you.
You shoot an arrow.
A magic dart appears from out of thin air!
The magic dart hits you.
You die...

#.# #........# #.
..# #.##..##.# #.
#.# #.##..##.# #.
#.# #.##...... ####.
#.# #.##.##### ....
#.# #.##.# #
#.{##.#####.##.#####
#...#...............
#@...#######......
#....#### #######
#.....#.# ..###...#
#####


There were no monsters in sight!

Vanquished Creatures
  Natasha (twice) (D:2)
  Robin (D:2)
  An adder (D:2)
  A dart slug (D:1)
  6 endoplasms
  A giant cockroach (D:2)
  12 goblins
  4 hobgoblins
  4 quokkas
  9 ball pythons
  3 bats (D:1)
  5 frilled lizards
  4 kobolds
  A rat (D:2)
54 creatures vanquished.

Notes
Turn   | Place    | Note
-------+----------+-------------------------------------------
     0 | D:1      | qw the Gargoyle Hunter began the quest for the Orb.
     0 | D:1      | Reached XP level 1. HP: 12/12 MP: 1/1
     0 | D:1      | 0 ||| qw: Version: 0.2-a-29-g767f381
     0 | D:1      | 0 ||| qw: Game counter: 3870
     0 | D:1      | 0 ||| qw: Always use a shield: true
     0 | D:1      | 0 ||| qw: God list: Okawaru
     0 | D:1      | 0 ||| qw: Allow faded altars: false
     0 | D:1      | 0 ||| qw: Do Orc after D:15 true
     0 | D:1      | 0 ||| qw: Do second Lair branch before Depths: true
     0 | D:1      | 0 ||| qw: Lair rune preference: random
     0 | D:1      | 0 ||| qw: Plans: Normal, Zot:1-4, Slime:5, God:TSO, Crypt,
                  | Tomb, Abyss, Pan, Hells, Win
     0 | D:1      | 0 ||| PLANNING D:1-11
   124 | D:1      | Reached XP level 2. HP: 17/17 MP: 2/2
   252 | D:1      | Found a faded altar of an unknown god.
   426 | D:1      | Reached XP level 3. HP: 21/21 MP: 3/3
   457 | D:1      | 457 ||| READING scroll labelled JIQUME BYUCUXT.
   458 | D:1      | 458 ||| READING scroll labelled USU FOANIDGHURGH.
   459 | D:1      | 459 ||| READING 2 scrolls labelled JECLUN LOLIOMN.
   460 | D:1      | 460 ||| READING scroll labelled ODOISU IFIZ.
   463 | D:1      | 463 ||| DRINKING 2 amethyst potions.
   464 | D:1      | 464 ||| DROPPING scroll of butterflies.
   508 | D:2      | Reached skill level 5 in Ranged Weapons
   789 | D:2      | Reached skill level 3 in Fighting
  1017 | D:2      | Found a runed translucent door.
  1017 | D:2      | Noticed Natasha
  1023 | D:2      | HP: 5/23 [Natasha/puff of flame (3)]
  1024 | D:2      | 1024 ||| DRINKING 2 potions of heal wounds.
  1028 | D:2      | Killed Natasha
  1029 | D:2      | Reached XP level 4. HP: 11/28 MP: 4/4
  1097 | D:2      | Noticed Crazy Yiuf
  1113 | D:2      | Noticed Natasha
  1118 | D:2      | Killed Natasha
  1224 | D:2      | Noticed Robin
  1248 | D:2      | Killed Robin
  1249 | D:2      | Reached XP level 5. HP: 12/32 MP: 5/5
  1382 | D:2      | Noticed Sigmund
  1395 | D:2      | HP: 6/32 [something (9)]
  1399 | D:2      | Killed from afar by Sigmund

Levels and vault maps discovered:
D:1:      minmay_arrival_open_corners, layout_rooms,
          ebering_ecumenical_altar_mist
D:2:      layout_loops_ring, minmay_misc_feat_five, minmay_tromino_v7,
          uniq_crazy_yiuf_cottage, uniq_robin, uniq_natasha, uniq_sigmund

Skill      XL: |  1  2  3 |
---------------+----------+-----
Ranged Weapons | 5 |  5.9
Fighting       | 3 |  3.1
Dodging        | |  1.5
Stealth        | |  1.1

Action                     |  1- 3 |  4- 6 || total
---------------------------+-------+-------++-------
   Fire: Shortbow          |   140 |    54 ||   194
    Use: Scroll            |     4 |       ||     4
         Potion            |     2 |       ||     2
 Armour: Leather armour    |    42 |    16 ||    58
  Dodge: Dodged            |    83 |    10 ||    93

Table legend:
 A = Non-vault XP
 B = Vault XP
 C = Vault XP percentage of total XP
 D = Non-vault monster count
 E = Vault monster count
 F = Vault count percentage of total count
                 A         B        C        D         E       F
            +---------+---------+-------+---------+---------+-------
      Total |     107 |      80 |  42.8 |      37 |      17 |  31.5
            +---------+---------+-------+---------+---------+-------
        D:1 |      36 |       0 |   0.0 |      20 |       0 |   0.0
        D:2 |      71 |      80 |  53.0 |      17 |      17 |  50.0
            +---------+---------+-------+---------+---------+-------
